 Dungeon Crawl Stone Soup version 0.26.1-2-gb8aa6d0cf2 (webtiles) character file.

Game seed: 15933744785338695436

21 Alarak the Chopper (level 2, 0/26 HPs)
             Began as a Hill Orc Monk on Mar 23, 2021.
             Slain by a white imp (1 damage)
             ... on level 2 of the Dungeon.
             The game lasted 00:03:28 (984 turns).

Alarak the Chopper (Hill Orc Monk)                   Turns: 984, Time: 00:03:29

Health: 0/26       AC:  6    Str: 13    XL:     2   Next: 87%
Magic:  2/2        EV: 11    Int: 10    God:
Gold:   0          SH:  0    Dex: 13    Spells: 1/1 levels left

rFire    . . .     SeeInvis .   a - +0 hand axe
rCold    . . .     Faith    .   (no shield)
rNeg     . . .     Spirit   .   d - +0 ring mail
rPois    .         Reflect  .   j - +0 helmet
rElec    .         Harm     .   (no cloak)
rCorr    .         Rampage  .   (no gloves)
Will     .....                  k - -1 pair of boots (curse)
Stlth    +.........             (no amulet)
HPRegen  0.08/turn              (no ring)
MPRegen  0.08/turn              (no ring)

@: no status effects
A: no striking features
a: no special abilities


You were on level 2 of the Dungeon.
You visited 1 branch of the dungeon, and saw 2 of its levels.

Inventory:

Hand Weapons
 a - a +0 hand axe (weapon)
Armour
 b - a +0 robe
 d - a +0 ring mail (worn)
 j - a +0 helmet (worn)
 k - a cursed -1 pair of boots (worn)
Scrolls
 c - 2 scrolls of teleportation {unknown}
 g - a scroll of amnesia {unknown}
 h - a scroll of enchant weapon {unknown}
 i - a scroll of identify {unknown}
Potions
 e - a potion of magic {unknown}
 f - a potion of mutation {unknown}


   Skills:
 - Level 3.6 Fighting
 + Level 5.3 Axes
 - Level 2.4 Dodging
 - Level 1.5 Stealth


You had one spell level left.
You didn't know any spells.
Your spell library was empty.

Dungeon Overview and Level Annotations

Branches:
Dungeon (2/15)

Altars:


Message History

The white imp is moderately wounded.
The white imp gestures at you. The puff of frost hits you!
You hit the white imp but do no damage.
The white imp is moderately wounded.
The white imp gestures at you. The puff of frost hits you.
The white imp hits you. The white imp freezes you.
* * * LOW HITPOINT WARNING * * *
You hit the white imp but do no damage.
The white imp is moderately wounded.
The white imp hits you but does no damage.
You closely miss the white imp.
The white imp is moderately wounded.
The white imp gestures at you. The puff of frost hits you.
* * * LOW HITPOINT WARNING * * *
You hit the white imp.
The white imp is severely wounded.
The white imp hits you.
You die...

..#.#.#.## #........
#.#.#.#.. #.......#.#
#.#.#.#.#.#
..g....#.#
#######5##.##.#
#......@...##.##
#.#.#.#.#..#...##
#...(......<....#
..#.#.#.#.^...#######
.......$..#..........
..#.#.#.#.###########
......[...# ....#
..#.#.#.#.# ##..
........... #


You could see a white imp and a goblin.

Vanquished Creatures
  A dart slug (D:1)
  A leopard gecko (D:1)
  A giant cockroach (D:1)
  2 hobgoblins (D:1)
  2 jackals (D:1)
  3 kobolds (D:1)
  2 bats (D:1)
  3 frilled lizards (D:1)
  3 rats (D:1)
18 creatures vanquished.

Notes
Turn   | Place    | Note
-------+----------+-------------------------------------------
     0 | D:1      | Alarak the Hill Orc Monk began the quest for the Orb.
     0 | D:1      | Reached XP level 1. HP: 19/19 MP: 1/1
   394 | D:1      | Reached XP level 2. HP: 24/26 MP: 2/2
   514 | D:1      | Reached skill level 5 in Axes
   983 | D:2      | HP: 1/26 [white imp/puff of frost (6)]
   984 | D:2      | Slain by a white imp

Illustrated notes

Levels and vault maps discovered:
D:1:      scummos_arrival_gate, layout_basic, serial_glass, glass_columns_b,
          glass_columns_b, glass_columns_a, glass_columns_c, glass_columns_a,
          glass_columns_a, minmay_tetromino_s4
D:2:      layout_loops_ring, eat_drink_and_be_merry_uskayaw,
          serial_co_window_serial, co_window_of_opportunity_a,
          co_window_paths_a, co_window_of_opportunity_a, co_window_corner_a,
          co_window_of_opportunity_a, co_window_broadway_c, co_window_2corner,
          co_window_cross_4, co_window_corner_ca, co_window_paths_d,
          glass_columns_c, glass_columns_a, glass_columns_a, glass_columns_b,
          glass_columns_a, feat_on_display

Skill      XL: |  1  2 |
---------------+-------+-----
Axes           | 5 |  5.3
Fighting       | |  3.6
Dodging        | |  2.4
Stealth        | |  1.5

Action                   || total
-------------------------++-------
Melee: Hand axe          ||    68
Armor: Robe              ||     6
       Ring mail         ||    22
Dodge: Dodged            ||    41
